cohdb
Replays
Latest Replays
All Replays
Popular Replays
Top Player Replays
Match Explorer
How It Works
Community
CoH3 Stats
Reddit
Sign in to upload your games and track your stats! →
Sign in with Steam
Match 42860564
Unlisted
Match 42860564
Overview
Messages
Build Orders
End
Construct Barracks
Selects Armored Battlegroup
Selects Veteran Crews
Engineer Squad
1⁄4-ton 4x4 Truck
Riflemen Squad
Riflemen Squad
Air Support Center
Construct Weapon Support Center
Riflemen Squad
Bazooka Squad
M3 Armored Personnel Carrier
P-47 Strafing Run
Riflemen Squad
Grasshopper Recon Run
M3 Armored Personnel Carrier
Selects M31 Recovery Vehicle
M3 Armored Personnel Carrier
Selects Strength in Steel
.30 cal Machine Gun
Bazooka Squad
Selects M8 Scott SPG
M8 Scott SPG
Construct Medical Station
M1918 Browning Automatic Rifles
M1919 Machine Gun Team
Grasshopper Recon Run
P-47 Strafing Run
Construct Tank Depot
Selects UNKNOWN (2160077)
Selects War Machine
M4A3E8 Sherman Easy Eight
Bazooka Squad
Grasshopper Recon Run
P-47 Dive Bomb
CristianRonaldoOfCoh2
TypekRobcik
Bananenratte
Nico-Nico-Nii~~
0
0
Comments
sign in to comment!
No comments posted yet!